[Event "Titled Tuesday Blitz March 01 Late 2022"]
[White "Aldokhin, Ivan"]
[Black "Bortnyk, Olexandr"]
[WhiteFideId "24115720"]
[BlackFideId "14120828"]
[WhiteElo "2231"]
[BlackElo "2723"]
[Result "0-1"]
[Round "01"]
[TimeControl "180+1"]
[Date "2022.03.01"]
[WhiteClock "0:00:04"]
[BlackClock "0:01:10"]

1. e4 Nf6 2. e5 Nd5 3. Nc3 Nb6 4. f4 d5 5. d4 e6 6. Nf3 c5 7. Be3 cxd4 8. Nxd4 Bd7 9. Bd3 Nc6 10. O-O g6 11. Ncb5 Nxd4 12. Bxd4 Nc8 13. c4 Bxb5 14. cxb5 Bb4 15. Qa4 Qa5 16. Qc2 O-O 17. a3 Be7 18. b4 Qd8 19. Rac1 Nb6 20. Qc7 Rb8 21. Qxd8 Bxd8 22. Bc5 Re8 23. Bd6 Ra8 24. Ra1 Na4 25. Bc2 Bb6+ 26. Kh1 Nc3 27. a4 Rac8 28. a5 Bd4 29. Bd3 Ne4 30. Ra2 Nxd6 31. exd6 Red8 32. b6 axb6 33. a6 bxa6 34. Bxa6 Rc3 35. Bb5 Rxd6 36. Ra8+ Kg7 37. Ra7 Rd8 38. g3 Rb3 39. Rb7 Rxb4 40. Bd7 Kf6 41. g4 h6 42. h4 Rh8 43. Kg2 Bc5 44. f5 Rxg4+ 45. Kh3 gxf5 46. h5 Rhg8 47. Rf3 R8g5 0-1


[Site "https://www.chess.com"]

[Event "Titled Tuesday Blitz March 01 Late 2022"]
[White "Alfaro, William"]
[Black "Avila Pavas, Santiago"]
[WhiteFideId "6100457"]
[BlackFideId "4437128"]
[WhiteElo "2066"]
[BlackElo "2242"]
[Result "0-1"]
[Round "01"]
[TimeControl "180+1"]
[Date "2022.03.02"]
[WhiteClock "0:01:26"]
[BlackClock "0:00:53"]

1. d4 Nf6 2. c4 b6 3. Nc3 Bb7 4. f3 d5 5. cxd5 Nxd5 6. e4 Nxc3 7. bxc3 e5 8. Be3 exd4 9. cxd4 Bb4+ 10. Kf2 O-O 11. Bc4 c5 12. d5 f5 13. e5 Qh4+ 14. g3 Qxc4 15. Ne2 Qxd5 16. Qxd5+ Bxd5 17. Rhd1 Bc4 18. Nf4 Nc6 19. e6 Rfe8 20. a3 Ba5 21. Rac1 Ne5 22. Kg2 Bxe6 23. Bxc5 Bb3 24. Rd6 bxc5 25. Rxc5 Bb6 26. Rc3 Bf7 27. h4 Nc4 28. Rc6 Ne3+ 29. Kh3 Nd1 30. Rc2 Re1 31. h5 Rae8 32. Rd2 Nf2+ 33. Kg2 Nd1 34. g4 Ne3+ 35. Kg3 fxg4 36. fxg4 Rg1+ 37. Kf3 Nxg4 38. Rd7 Ne5+ 0-1


[Site "https://www.chess.com"]

[Event "Titled Tuesday Blitz March 01 Late 2022"]
[White "Al-Tarboush, Ward"]
[Black "Jobava, Baadur"]
[WhiteFideId "7601450"]
[BlackFideId "13601520"]
[WhiteElo "2276"]
[BlackElo "2617"]
[Result "1-0"]
[Round "01"]
[TimeControl "180+1"]
[Date "2022.03.01"]
[WhiteClock "0:00:49"]
[BlackClock "0:00:01"]

1. e4 c6 2. Nf3 d5 3. Nc3 Bg4 4. h3 Bxf3 5. Qxf3 e6 6. d3 Nd7 7. Bd2 g6 8. g4 h5 9. g5 Bg7 10. h4 Ne7 11. Bh3 O-O 12. Qg3 a5 13. f4 a4 14. a3 Qb6 15. O-O-O dxe4 16. dxe4 Nc5 17. e5 Nd5 18. Qf3 Rfd8 19. Rhe1 Bf8 20. Nxd5 cxd5 21. Bb4 Rdc8 22. Kb1 Ne4 23. c3 Bxb4 24. cxb4 Rc7 25. Qe3 Qxe3 26. Rxe3 Nf2 27. Rf1 Nxh3 28. Rxh3 Rac8 29. Rh2 Kf8 30. Rd2 Ke7 31. Re1 Rc4 32. Rf1 Kd7 33. Re2 b5 34. Rd2 Re4 35. Rc2 Rxc2 36. Kxc2 Re2+ 37. Kc3 Rh2 38. Kd4 Kc6 39. Rc1+ Kb6 40. Rc8 Rxh4 41. Rb8+ Kc6 42. Rc8+ Kb7 43. Rf8 Rxf4+ 44. Kc5 h4 45. Rh8 d4 46. Kxb5 d3 47. Rd8 Rf3 48. Rd7+ Kc8 49. Kc6 h3 50. Ra7 Kd8 51. Kd6 Kc8 52. Kc6 Kb8 53. Rb7+ Ka8 54. Kb6 d2 55. Rd7 1-0


[Site "https://www.chess.com"]

[Event "Titled Tuesday Blitz March 01 Late 2022"]
[White "Antonio, Jorge Carlos"]
[Black "Landaw, Julian"]
[WhiteFideId "113190"]
[BlackFideId "2023342"]
[WhiteElo "2247"]
[BlackElo "2312"]
[Result "1-0"]
[Round "01"]
[TimeControl "180+1"]
[Date "2022.03.02"]
[WhiteClock "0:00:29"]
[BlackClock "0:00:05"]

1. e4 e5 2. f4 Bc5 3. Nf3 d6 4. c3 Nf6 5. d4 exd4 6. cxd4 Bb6 7. Nc3 O-O 8. e5 dxe5 9. fxe5 Nd5 10. Bg5 f6 11. Bc4 Be6 12. exf6 gxf6 13. Bh6 Rf7 14. Qe2 Re7 15. O-O Nc6 16. Qe4 f5 17. Qh4 Nxc3 18. Bxe6+ Rxe6 19. bxc3 Qxh4 20. Nxh4 Rxh6 21. Nxf5 Rf6 22. g4 Raf8 23. Rae1 Kh8 24. Kg2 Na5 25. Re7 Nc4 26. Rfe1 Rg6 27. Kf3 Nd6 28. R1e5 h5 29. h3 Nxf5 30. gxf5 Rg7 31. Ke4 Rff7 32. R7e6 Kh7 33. a4 c6 34. f6 Rg6 35. Rxh5+ Rh6 36. Rxh6+ Kxh6 37. Kf5 Bd8 38. c4 Kh5 39. d5 cxd5 40. cxd5 Kh4 41. Kg6 Rd7 42. f7 Rxd5 43. f8=Q Rg5+ 44. Kh7 Bb6 45. Qh6+ Kg3 46. Rg6 1-0


[Site "https://www.chess.com"]

[Event "Titled Tuesday Blitz March 01 Late 2022"]
[White "Arabidze, Meri"]
[Black "Petrova, Irina"]
[WhiteFideId "13604040"]
[BlackFideId "14124122"]
[WhiteElo "2329"]
[BlackElo "1988"]
[Result "1-0"]
[Round "01"]
[TimeControl "180+1"]
[Date "2022.03.02"]
[WhiteClock "0:00:36"]
[BlackClock "0:00:14"]

1. Nf3 d5 2. b3 Nf6 3. Bb2 c6 4. e3 Bg4 5. Be2 e6 6. h3 Bh5 7. O-O Nbd7 8. d4 Bd6 9. Nbd2 O-O 10. Ne5 Bxe2 11. Qxe2 Ne4 12. Nxe4 dxe4 13. Rfd1 f6 14. Qg4 f5 15. Qe2 Bxe5 16. dxe5 Qe7 17. Rd6 Nb6 18. c4 Qf7 19. Rad1 Rae8 20. Ba3 Qg6 21. R6d2 Rf7 22. Rd8 Rc7 23. Qd2 Rc8 24. Rd6 Qf7 25. Qa5 Ra8 26. Qc3 g5 27. Bc5 Qg6 28. a4 f4 29. a5 Nc8 30. Rd8 Rxd8 31. Rxd8+ Kg7 32. Qd4 Kh6 33. Bf8+ Kh5 34. Qd1+ f3 35. gxf3 Kh4 36. fxe4 Qxe4 37. Rd4 1-0


[Site "https://www.chess.com"]

[Event "Titled Tuesday Blitz March 01 Late 2022"]
[White "Ardila, Oscar Humberto"]
[Black "Shuvalova, Polina"]
[WhiteFideId "4404742"]
[BlackFideId "24171760"]
[WhiteElo "1898"]
[BlackElo "2355"]
[Result "0-1"]
[Round "01"]
[TimeControl "180+1"]
[Date "2022.03.02"]
[WhiteClock "0:00:08"]
[BlackClock "0:00:04"]

1. d4 Nf6 2. c4 e6 3. Qc2 c5 4. dxc5 Bxc5 5. Nf3 O-O 6. e3 b6 7. Bd3 Bb7 8. O-O Nc6 9. a3 Qc7 10. b4 Bd6 11. Bb2 Ne5 12. Nxe5 Bxe5 13. Nd2 Rac8 14. Rac1 Rfd8 15. Bd4 Bxh2+ 16. Kh1 Be5 17. Qb2 Bxd4 18. exd4 Qf4 19. Kg1 Qg4 20. f3 Qh4 21. Rce1 h6 22. Ne4 d5 23. g3 Qh5 24. Nxf6+ gxf6 25. c5 Qg5 26. Qf2 e5 27. f4 exf4 28. Qxf4 bxc5 29. bxc5 Re8 30. Bf5 Rcd8 31. Rxe8+ Rxe8 32. Qxg5+ fxg5 33. Bd7 Rd8 34. c6 Bc8 35. Bxc8 Rxc8 36. Rf6 Kg7 37. Rd6 h5 38. Kf2 Kf8 39. Kf3 Ke7 40. Rxd5 Rxc6 41. Rxg5 Ra6 42. Rxh5 Rxa3+ 43. Kf4 Ke6 44. Rb5 Ra4 45. Ke4 Ra1 46. g4 Re1+ 47. Kf4 Rf1+ 48. Ke4 Ra1 49. Re5+ Kf6 50. Rf5+ Ke6 51. Re5+ Kd6 52. Rf5 Ke7 53. Kd5 Ra5+ 54. Kc6 Ra6+ 55. Kc7 Ra4 56. d5 Rc4+ 57. Kb7 Rxg4 58. Kxa7 Rc4 59. Kb6 Kd6 60. Rxf7 Kxd5 61. Rd7+ Ke6 62. Rd1 Rc2 63. Kb5 Re2 64. Kc4 Ke5 65. Kc3 Ra2 66. Kc4 Rc2+ 67. Kb3 Rc8 68. Kb4 Ke4 69. Kb5 Rc2 70. Rd7 Ke3 71. Kb4 Rd2 72. Kb3 Rxd7 0-1


[Site "https://www.chess.com"]

[Event "Titled Tuesday Blitz March 01 Late 2022"]
[White "Artemenko, Oleg"]
[Black "Stanisz, Patryk"]
[WhiteFideId "14201798"]
[BlackFideId "1123106"]
[WhiteElo "2287"]
[BlackElo "1876"]
[Result "1-0"]
[Round "01"]
[TimeControl "180+1"]
[Date "2022.03.02"]
[WhiteClock "0:01:37"]
[BlackClock "0:00:02"]

1. d4 d5 2. Nc3 c6 3. Bf4 Bf5 4. f3 h6 5. e4 Bh7 6. exd5 cxd5 7. Nb5 Na6 8. c3 g5 9. Be5 Nf6 10. Bd3 Bxd3 11. Qxd3 Bg7 12. Ne2 Qb6 13. a4 O-O 14. O-O Nh5 15. Bxg7 Nxg7 16. f4 g4 17. f5 Qf6 18. Nf4 Qxf5 19. Qxf5 Nxf5 20. Nxd5 e6 21. Nf6+ Kg7 22. Nxg4 h5 23. Ne5 h4 24. Rf3 f6 25. Nd3 Rfe8 26. Raf1 Re7 27. Nf4 Nh6 28. Nh5+ Kg6 29. Nxf6 Rf8 30. Nd7 Rxf3 31. Ne5+ Kg7 32. Rxf3 Nf5 33. Nxa7 Nc7 34. Nb5 Nd5 35. g4 hxg3 36. hxg3 Nf6 37. g4 Nh4 38. Rh3 Ng6 39. g5 Ne4 40. Nxg6 Kxg6 41. Re3 Nxg5 42. c4 Rh7 43. Nd6 Kf6 44. Ne4+ Nxe4 45. Rxe4 Rh3 46. Rf4+ Ke7 47. b4 Rc3 48. c5 Rc4 49. Rh4 Rxb4 50. Kf2 Rxa4 51. Ke3 Kd7 52. Ke4 Rb4 53. Ke5 b6 54. Rh7+ Kc6 55. cxb6 Rxb6 56. Kxe6 Kb5+ 57. Ke5 Kc4 58. d5 Rb1 59. Rc7+ Kb5 60. Rb7+ Kc5 61. Rxb1 1-0


[Site "https://www.chess.com"]

[Event "Titled Tuesday Blitz March 01 Late 2022"]
[White "Ashiev, Eduard"]
[Black "Fishbein, Alexander"]
[WhiteFideId "4130090"]
[BlackFideId "2000377"]
[WhiteElo "2004"]
[BlackElo "2442"]
[Result "1/2-1/2"]
[Round "01"]
[TimeControl "180+1"]
[Date "2022.03.02"]
[WhiteClock "0:00:12"]
[BlackClock "0:00:52"]

1. d4 Nf6 2. Nf3 g6 3. c4 Bg7 4. Nc3 O-O 5. e4 d6 6. h3 a6 7. Bg5 c5 8. d5 b5 9. Bd3 b4 10. Ne2 e6 11. O-O exd5 12. exd5 h6 13. Be3 Re8 14. Qd2 Kh7 15. Ng3 Nbd7 16. Rfe1 Ne5 17. Nxe5 Rxe5 18. Bf4 Rxe1+ 19. Rxe1 Ra7 20. b3 Re7 21. Re3 a5 22. Qe2 Rxe3 23. Qxe3 Bf8 24. h4 Qe8 25. Qxe8 Nxe8 26. h5 Kg7 27. hxg6 fxg6 28. Kf1 Be7 29. Ke2 h5 30. Ne4 Bf5 31. f3 Bxe4 32. Bxe4 Bf6 33. Bb1 Be5 34. Bg5 Bf6 35. Bf4 g5 36. Be3 Kf7 37. Bf5 Ng7 38. Bd7 h4 39. Bg4 Ke7 40. Kd3 Kf7 41. Ke4 Be7 42. Bd2 Kf6 43. Bc1 Kg6 44. Bb2 Ne8 45. Bf5+ Kf7 46. Be6+ Kg6 47. Bf5+ Kf7 48. Be6+ Kg6 49. Bf5+ 1/2-1/2


[Site "https://www.chess.com"]

[Event "Titled Tuesday Blitz March 01 Late 2022"]
[White "Astasio Lopez, David"]
[Black "P., Komal Kishore"]
[WhiteFideId "2230208"]
[BlackFideId "5016703"]
[WhiteElo "2355"]
[BlackElo "2084"]
[Result "1-0"]
[Round "01"]
[TimeControl "180+1"]
[Date "2022.03.02"]
[WhiteClock "0:00:06"]
[BlackClock "0:00:01"]

1. d4 c6 2. Nf3 d5 3. Bd2 Nf6 4. Nc3 Bf5 5. Bf4 e6 6. e3 Bd6 7. Ne2 O-O 8. c3 h6 9. h3 c5 10. Bxd6 Qxd6 11. Ng3 Bg6 12. Bd3 Bxd3 13. Qxd3 Qb6 14. O-O Nc6 15. Qe2 cxd4 16. exd4 Qc7 17. Rfe1 a6 18. a3 b5 19. Rac1 Na5 20. Ne5 Nc4 21. f4 Rfe8 22. Rc2 a5 23. Nh5 Ne4 24. Qg4 f6 25. Nd3 f5 26. Qg6 Qf7 27. Qxf7+ Kxf7 28. Kh2 Reb8 29. Ng3 b4 30. axb4 axb4 31. Nxb4 Ncd6 32. Ne2 Rb7 33. Ng1 Rc8 34. Nd3 Nc4 35. Nf3 Ra8 36. Nb4 g5 37. g3 Kf6 38. Ne5 gxf4 39. gxf4 Rg8 40. b3 Na3 41. Ra2 Nb5 42. Ra6 Nbxc3 43. Rg1 Rxg1 44. Kxg1 Rxb4 45. Nd7+ Ke7 46. Ne5 Rxb3 47. Ra7+ Kf8 48. Ra8+ Ke7 49. Ra7+ Kd8 50. Ra8+ Kc7 51. Ra7+ Rb7 52. Ra8 Nd2 53. Kg2 Nce4 54. Rh8 Kb6 55. Rxh6 Rg7+ 56. Ng4 fxg4 57. Rxe6+ Kb5 58. h4 Ra7 59. Re5 Kc4 60. Re8 Kxd4 61. h5 Ng5 62. fxg5 Ne4 63. g6 Ra2+ 64. Kg1 Ng5 65. g7 Nf3+ 66. Kf1 1-0


[Site "https://www.chess.com"]

[Event "Titled Tuesday Blitz March 01 Late 2022"]
[White "Atanejhad, Sahebali"]
[Black "Vastrukhin, Oleg"]
[WhiteFideId "12506664"]
[BlackFideId "4192770"]
[WhiteElo "1978"]
[BlackElo "2483"]
[Result "0-1"]
[Round "01"]
[TimeControl "180+1"]
[Date "2022.03.02"]
[WhiteClock "0:01:56"]
[BlackClock "0:02:20"]

1. d4 g6 2. c4 Bg7 3. Nf3 d6 4. Nc3 e5 5. dxe5 dxe5 6. Qxd8+ Kxd8 7. Bg5+ f6 8. O-O-O+ Bd7 9. Bd2 c6 10. g3 Kc7 11. Bg2 Be6 12. b3 Nd7 13. Ne1 Nh6 14. h3 Nf7 15. e4 Rad8 16. Be3 Bh6 17. f4 Rhe8 18. Kc2 Nd6 19. Nd3 exf4 20. gxf4 Bg8 21. Bxa7 b6 22. c5 bxc5 23. Bxc5 Nxc5 24. Nxc5 Bxf4 25. h4 Be5 26. h5 g5 27. N3a4 Nb5 28. Rxd8 Rxd8 29. Rd1 Na3+ 30. Kc1 Bf4+ 0-1


[Site "https://www.chess.com"]

[Event "Titled Tuesday Blitz March 01 Late 2022"]
[White "Aukhatov, Roman"]
[Black "Jaracz, Pawel"]
[WhiteFideId "44150768"]
[BlackFideId "1102222"]
[WhiteElo "2112"]
[BlackElo "2429"]
[Result "1-0"]
[Round "01"]
[TimeControl "180+1"]
[Date "2022.03.02"]
[WhiteClock "0:00:16"]
[BlackClock "0:00:28"]

1. Nf3 c5 2. c4 Nc6 3. d4 cxd4 4. Nxd4 Qb6 5. Nb3 e6 6. Nc3 a6 7. e4 Nf6 8. Be3 Qc7 9. Be2 Bb4 10. f3 Ne5 11. Rc1 Nxc4 12. Bxc4 Qxc4 13. a3 Bxc3+ 14. Rxc3 Qb5 15. Qd6 Nd5 16. Bc5 b6 17. exd5 bxc5 18. Kf2 Rb8 19. Rhc1 f6 20. Rxc5 Qxb3 21. Rxc8+ Kf7 22. Qxd7+ Kg6 23. R8c7 Qxb2+ 24. R1c2 Qd4+ 25. Ke2 Rhg8 26. dxe6 Rb1 27. Qxd4 1-0


[Site "https://www.chess.com"]

[Event "Titled Tuesday Blitz March 01 Late 2022"]
[White "Bacrot, Etienne"]
[Black "Rangel, Daniel"]
[WhiteFideId "605506"]
[BlackFideId "2124475"]
[WhiteElo "2673"]
[BlackElo "2187"]
[Result "1-0"]
[Round "01"]
[TimeControl "180+1"]
[Date "2022.03.01"]
[WhiteClock "0:01:25"]
[BlackClock "0:00:03"]

1. e4 c6 2. c4 d5 3. exd5 cxd5 4. d4 Nf6 5. Nc3 g6 6. Nf3 Bg7 7. c5 O-O 8. Be2 Bf5 9. O-O b6 10. b4 a5 11. b5 bxc5 12. dxc5 Ne4 13. Nxe4 dxe4 14. Be3 Bxa1 15. Qxa1 exf3 16. Bxf3 Ra7 17. c6 Rc7 18. Bh6 f6 19. Rd1 Qc8 20. Qd4 Be6 21. Bxf8 Kxf8 22. h4 Bxa2 23. Qd8+ Kf7 24. b6 Qxd8 25. Rxd8 Rxc6 26. Rxb8 Rc1+ 27. Kh2 Bc4 28. Ra8 Rb1 29. b7 1-0


[Site "https://www.chess.com"]

[Event "Titled Tuesday Blitz March 01 Late 2022"]
[White "Baskin, Robert"]
[Black "Steenbekkers, Franck"]
[WhiteFideId "24662402"]
[BlackFideId "1004220"]
[WhiteElo "2488"]
[BlackElo "2159"]
[Result "0-1"]
[Round "01"]
[TimeControl "180+1"]
[Date "2022.03.02"]
[WhiteClock "0:00:13"]
[BlackClock "0:00:25"]

1. d4 Nf6 2. c4 g6 3. Nc3 d5 4. Nf3 Bg7 5. Qb3 dxc4 6. Qxc4 O-O 7. e4 a6 8. Qb3 b5 9. e5 Nfd7 10. e6 fxe6 11. Be3 Nb6 12. h4 b4 13. Qxb4 Nc6 14. Qc5 Qd6 15. O-O-O Rf5 16. Qxd6 cxd6 17. Bd3 Ra5 18. a3 Bd7 19. h5 Rxh5 20. Rxh5 gxh5 21. Rh1 Be8 22. Ng5 Bg6 23. Bxg6 hxg6 24. Nxe6 Nc4 25. d5 N6e5 26. Nxg7 Kxg7 27. Bd4 Kf7 28. Ne4 Rc8 29. Kd1 Nd3 30. Ng5+ Ke8 0-1


[Site "https://www.chess.com"]

[Event "Titled Tuesday Blitz March 01 Late 2022"]
[White "Beerdsen, Thomas"]
[Black "Jarocka, Liwia"]
[WhiteFideId "1030108"]
[BlackFideId "21807558"]
[WhiteElo "2585"]
[BlackElo "1896"]
[Result "1-0"]
[Round "01"]
[TimeControl "180+1"]
[Date "2022.03.02"]
[WhiteClock "0:02:13"]
[BlackClock "0:00:06"]

1. e4 d6 2. d4 Nf6 3. Nc3 e5 4. Nf3 Nbd7 5. g4 exd4 6. Qxd4 Nc5 7. g5 Nfd7 8. Be3 Ne6 9. Qd2 Ne5 10. Be2 Nxf3+ 11. Bxf3 Be7 12. h4 Bd7 13. O-O-O Bc6 14. Nd5 Qd7 15. Kb1 O-O-O 16. Bxa7 Bxd5 17. Qxd5 Qa4 18. Be3 Qa6 19. Rd3 Qc6 20. Qf5 Rhf8 21. Rc3 Qd7 22. Qa5 Qe8 23. Bg4 c5 24. f4 Qc6 25. f5 Qxe4 26. Rg1 Kb8 27. Ra3 Nc7 28. f6 gxf6 29. Qa7# 1-0


[Site "https://www.chess.com"]

[Event "Titled Tuesday Blitz March 01 Late 2022"]
[White "Bibasa, Bob"]
[Black "Saim, Mohamed Ilias"]
[WhiteFideId "10000240"]
[BlackFideId "7900465"]
[WhiteElo "2056"]
[BlackElo "2006"]
[Result "1-0"]
[Round "01"]
[TimeControl "180+1"]
[Date "2022.03.02"]
[WhiteClock "0:02:11"]
[BlackClock "0:00:35"]

1. e4 c5 2. Nf3 a6 3. c3 e6 4. d4 cxd4 5. cxd4 Qc7 6. Nc3 Bb4 7. Bd2 Ne7 8. Rc1 Qd8 9. a3 Ba5 10. Bd3 Nbc6 11. O-O Bc7 12. d5 Ne5 13. Nxe5 Bxe5 14. Be3 O-O 15. f4 Bxc3 16. Rxc3 exd5 17. exd5 Nxd5 18. Bxh7+ Kxh7 19. Qxd5 Qe7 20. Bc5 d6 21. Bxd6 Qd7 22. Qh5+ Kg8 23. Bxf8 Qd4+ 24. Kh1 Be6 25. Bc5 Qd2 26. f5 Bd5 27. Rg3 Re8 28. f6 g6 29. Rxg6+ fxg6 30. Qxg6+ Kh8 31. Qg7# 1-0


[Site "https://www.chess.com"]

[Event "Titled Tuesday Blitz March 01 Late 2022"]
[White "Bilych, Olexiy"]
[Black "Golubovskis, Maksims"]
[WhiteFideId "14156504"]
[BlackFideId "11608528"]
[WhiteElo "2195"]
[BlackElo "2066"]
[Result "1-0"]
[Round "01"]
[TimeControl "180+1"]
[Date "2022.03.02"]
[WhiteClock "0:01:05"]
[BlackClock "0:00:24"]

1. e4 c5 2. Nf3 d6 3. d4 cxd4 4. Nxd4 Nf6 5. Nc3 a6 6. Bg5 e6 7. f4 Nbd7 8. Qf3 Qc7 9. O-O-O b5 10. Bd3 Bb7 11. Rhe1 Be7 12. Qg3 O-O 13. e5 Nd5 14. Bxe7 Nxe7 15. Ndxb5 axb5 16. exd6 Qd8 17. dxe7 Qxe7 18. Bxb5 Nc5 19. Qg5 Qxg5 20. fxg5 Bxg2 21. Kb1 Rfd8 22. Rxd8+ Rxd8 23. b4 Nb7 24. a4 Nd6 25. Bd3 Rb8 26. Nb5 Nxb5 27. axb5 Bd5 28. c4 Bf3 29. Kb2 Kf8 30. c5 Ke7 31. Kc3 Ra8 32. b6 Ra3+ 33. Kd4 Bd5 34. Bc4 Bb7 35. b5 Rh3 36. c6 Rh4+ 37. Kc5 Bc8 38. b7 1-0


[Site "https://www.chess.com"]

[Event "Titled Tuesday Blitz March 01 Late 2022"]
[White "Boyer, Mahel"]
[Black "Golubovskis, Maksims"]
[WhiteFideId "45102422"]
[BlackFideId "11608528"]
[WhiteElo "2328"]
[BlackElo "2066"]
[Result "0-1"]
[Round "01"]
[TimeControl "180+1"]
[Date "2022.03.02"]
[WhiteClock "0:00:01"]
[BlackClock "0:01:29"]

1. e4 c5 2. Nf3 e6 3. g3 Nf6 4. d3 Nc6 5. Bg2 d5 6. Qe2 Be7 7. O-O O-O 8. e5 Nd7 9. c4 Nb6 10. Nc3 Nd4 11. Nxd4 cxd4 12. Nd1 dxc4 13. dxc4 d3 14. Qe4 d2 15. Ne3 dxc1=Q 16. Raxc1 Bc5 17. Rfd1 Qe7 18. a3 Bxe3 19. Qxe3 Bd7 20. Bxb7 Ba4 21. Bxa8 Bxd1 22. Be4 Bh5 23. b4 Bg6 24. Rd1 Nxc4 25. Qd4 Bxe4 26. Qxe4 Nb6 27. Rd6 Qc7 28. Rc6 Qd7 29. Rd6 Qa4 30. Qd4 Nd5 31. Qc5 Qxa3 32. Rd7 Qa1+ 33. Kg2 Qxe5 34. Rxa7 Qe4+ 35. Kg1 h5 36. b5 h4 37. gxh4 Nf4 38. Qc6 Qe1# 0-1


[Site "https://www.chess.com"]

[Event "Titled Tuesday Blitz March 01 Late 2022"]
[White "Brodowski, Piotr"]
[Black "Oye-Stromberg, Alexander"]
[WhiteFideId "1124480"]
[BlackFideId "1525999"]
[WhiteElo "2422"]
[BlackElo "1934"]
[Result "0-1"]
[Round "01"]
[TimeControl "180+1"]
[Date "2022.03.02"]
[WhiteClock "0:00:32"]
[BlackClock "0:00:25"]

1. e4 e6 2. d4 d5 3. Nc3 Bb4 4. Ne2 dxe4 5. a3 Be7 6. Nxe4 Nf6 7. N2g3 O-O 8. Be3 Nc6 9. c3 e5 10. Nxf6+ Bxf6 11. d5 Ne7 12. Bc4 Nf5 13. Ne4 Nxe3 14. fxe3 Bg5 15. Qf3 Kh8 16. h4 Bh6 17. O-O-O f5 18. Ng5 Bxg5 19. hxg5 Qxg5 20. Rh5 Qg6 21. Rdh1 h6 22. R1h4 Bd7 23. Qh3 Kh7 24. Qh2 Rae8 25. Bd3 e4 26. Qxc7 exd3 27. Qxd7 Kg8 28. g4 f4 29. exf4 Rxf4 30. Rf5 Rfe4 31. Kd2 Re2+ 32. Kxd3 Qa6+ 33. c4 R8e3+ 34. Kd4 Re4+ 35. Kd3 Qxc4# 0-1


[Site "https://www.chess.com"]

[Event "Titled Tuesday Blitz March 01 Late 2022"]
[White "Brunner, Nicolas"]
[Black "Albornoz Cabrera, Carlos Daniel"]
[WhiteFideId "620246"]
[BlackFideId "3518736"]
[WhiteElo "2372"]
[BlackElo "2490"]
[Result "1/2-1/2"]
[Round "01"]
[TimeControl "180+1"]
[Date "2022.03.01"]
[WhiteClock "0:00:57"]
[BlackClock "0:00:22"]

1. d4 Nf6 2. c4 c6 3. Nf3 d5 4. e3 e6 5. b3 Nbd7 6. Bb2 b6 7. Be2 Bb7 8. O-O Bd6 9. Nbd2 O-O 10. Rc1 c5 11. Qc2 Rc8 12. Qb1 Qe7 13. Rfd1 e5 14. dxe5 Nxe5 15. Nxe5 Bxe5 16. Nf3 Bxb2 17. Qxb2 dxc4 18. Rxc4 Rfd8 19. Rcc1 Nd5 20. h3 h6 21. Qe5 Qxe5 22. Nxe5 Nb4 23. a3 Nc6 24. Bf3 Nxe5 25. Bxb7 Rb8 26. Be4 Kf8 27. f4 Nd7 28. Kf2 Ke7 29. Ke2 Nf6 30. Bf3 g5 31. g3 Ne8 32. e4 Nc7 33. Rxd8 Rxd8 34. b4 Nb5 35. bxc5 Nd4+ 36. Ke3 Nb3 37. Rc3 Nxc5 38. e5 gxf4+ 39. gxf4 f6 40. Bg4 fxe5 41. fxe5 Rf8 42. Rc4 Rf1 43. Rf4 Re1+ 44. Kd4 Ra1 45. Rf6 Rxa3 46. Rxh6 Rd3+ 47. Kc4 Rd2 48. Rh7+ Kf8 49. Rxa7 Nd3 50. e6 Ne5+ 51. Kb5 Rb2+ 52. Ka6 Ra2+ 53. Kxb6 Rxa7 54. Kxa7 Nxg4 55. hxg4 Ke7 56. Kb6 Kxe6 57. Kc5 Ke5 58. g5 Kf5 59. g6 Kxg6 1/2-1/2


[Site "https://www.chess.com"]

[Event "Titled Tuesday Blitz March 01 Late 2022"]
[White "Bryakin, Mikhail"]
[Black "Derraugh, Geordie"]
[WhiteFideId "4165314"]
[BlackFideId "2603950"]
[WhiteElo "2421"]
[BlackElo "2116"]
[Result "0-1"]
[Round "01"]
[TimeControl "180+1"]
[Date "2022.03.02"]
[WhiteClock "0:00:12"]
[BlackClock "0:00:06"]

1. e4 c5 2. Nc3 g6 3. g3 Bg7 4. Bg2 Nc6 5. d3 d6 6. Nf3 Nh6 7. O-O f5 8. Re1 O-O 9. h3 Nf7 10. Rb1 Rb8 11. Bd2 b5 12. a3 a5 13. a4 fxe4 14. Nxe4 bxa4 15. Bc3 Bd7 16. Bxg7 Kxg7 17. Qd2 e5 18. Nc3 Nd4 19. Nxd4 cxd4 20. Nd1 Ng5 21. h4 Nf3+ 22. Bxf3 Rxf3 23. c3 Bf5 24. Qe2 Rxd3 25. g4 Rd2 26. Qxd2 Bxb1 27. cxd4 Qxh4 28. f3 Qg3+ 29. Kf1 Qxf3+ 30. Nf2 e4 31. Re3 Qf6 32. Kg2 Rf8 33. Rc3 Bd3 34. Qe3 Qf3+ 35. Qxf3 exf3+ 36. Kg3 Be2 37. Rc7+ Kf6 38. Rxh7 Rb8 39. Ra7 Rxb2 40. Rxa5 Rb4 41. Ne4+ Ke6 42. d5+ Ke5 43. Nf2 Rd4 44. Nh3 Bd1 45. Nf2 Rxd5 46. Rxd5+ Kxd5 47. Nxd1 a3 48. Nc3+ Kc4 49. Na2 Kb3 50. Nc1+ Kb2 51. Nd3+ Kc3 52. Nc1 Kd2 53. Na2 Ke2 54. Nc3+ Ke3 55. Nd1+ Kd2 56. Nf2 a2 57. Ne4+ Ke3 58. Nxd6 a1=Q 59. Nc4+ Kd4 60. Nd2 Qe1+ 61. Kxf3 Qxd2 62. Kg3 Qg5 63. Kf3 Ke5 64. Kg3 Ke4 0-1


[Site "https://www.chess.com"]

[Event "Titled Tuesday Blitz March 01 Late 2022"]
[White "Burke, Paul"]
[Black "Khabinets, Ivan"]
[WhiteFideId "2605767"]
[BlackFideId "14115980"]
[WhiteElo "1803"]
[BlackElo "2114"]
[Result "1-0"]
[Round "01"]
[TimeControl "180+1"]
[Date "2022.03.02"]
[WhiteClock "0:00:26"]
[BlackClock "0:00:25"]

1. e4 c5 2. d4 cxd4 3. c3 dxc3 4. Nxc3 d6 5. Nf3 Nc6 6. Bc4 a6 7. O-O Nf6 8. Qe2 Bg4 9. Rd1 e6 10. a3 Rc8 11. Ba2 Ne5 12. Bf4 Nfd7 13. h3 Nxf3+ 14. gxf3 Bxh3 15. e5 Nxe5 16. Bxe5 Qg5+ 17. Bg3 h5 18. Qd2 Qg6 19. Qd3 Bf5 20. Ne4 h4 21. Nxd6+ Bxd6 22. Qxd6 Ra8 23. Rac1 e5 24. Qxg6 Bxg6 25. Bxe5 O-O 26. Rc7 Rfe8 27. Bc3 b5 28. Rdd7 Rf8 29. Bb4 h3 30. Bxf8 Rxf8 31. Kh2 Re8 32. Bxf7+ Bxf7 33. Rxf7 Re2 34. Rxg7+ Kf8 35. Kxh3 Rxf2 36. Kg3 Rxb2 37. Rh7 Kg8 38. Rhd7 1-0


[Site "https://www.chess.com"]

[Event "Titled Tuesday Blitz March 01 Late 2022"]
[White "Buscar, Michael"]
[Black "Wagner, Dennis"]
[WhiteFideId "2603616"]
[BlackFideId "24650684"]
[WhiteElo "2010"]
[BlackElo "2355"]
[Result "0-1"]
[Round "01"]
[TimeControl "180+1"]
[Date "2022.03.02"]
[WhiteClock "0:00:31"]
[BlackClock "0:01:08"]

1. c4 g6 2. Nf3 Bg7 3. g3 c5 4. Bg2 Nc6 5. O-O d6 6. Nc3 Nh6 7. d3 Nf5 8. Ne1 Bd7 9. Nc2 Rb8 10. Rb1 a6 11. Ne3 Nxe3 12. Bxe3 b5 13. cxb5 axb5 14. a3 O-O 15. Qc1 b4 16. Nd5 e6 17. Nf4 bxa3 18. bxa3 Qa5 19. h4 Rxb1 20. Qxb1 Rb8 21. Qc1 Bb2 22. Qc2 Qxa3 23. h5 Nd4 24. Bxd4 Bxd4 25. e3 Rb2 26. Qc4 Bb5 27. Qc1 Be5 28. hxg6 hxg6 29. d4 Bxf4 30. exf4 Bxf1 31. Bxf1 cxd4 32. f5 exf5 33. Qg5 Kg7 34. Qe7 Qf3 0-1


[Site "https://www.chess.com"]

[Event "Titled Tuesday Blitz March 01 Late 2022"]
[White "Calcada, Lucas Galvan"]
[Black "Piesik, Piotr"]
[WhiteFideId "22746099"]
[BlackFideId "1136194"]
[WhiteElo "1402"]
[BlackElo "2232"]
[Result "0-1"]
[Round "01"]
[TimeControl "180+1"]
[Date "2022.03.02"]
[WhiteClock "0:00:21"]
[BlackClock "0:00:58"]

1. e4 g6 2. d4 Bg7 3. c4 d6 4. Nc3 Nc6 5. Be3 e5 6. d5 Nd4 7. Nge2 Nxe2 8. Bxe2 h5 9. Qd2 Bh6 10. O-O Bd7 11. f4 exf4 12. Bxf4 Bxf4 13. Qxf4 Qe7 14. Bd3 Nh6 15. Rae1 O-O-O 16. e5 dxe5 17. Qxe5 Qxe5 18. Rxe5 Rde8 19. Rfe1 Kd8 20. Rxe8+ Rxe8 21. Rxe8+ Kxe8 22. h3 h4 23. Kf2 f5 24. Ne2 Ke7 25. Ke3 Kf6 26. Nd4 Nf7 27. Be2 g5 28. b3 b6 29. Nf3 Ne5 30. Kd4 Ng6 31. Ne1 Nf4 32. Bf1 g4 33. Ke3 Ng6 34. Nd3 Kg5 35. b4 f4+ 36. Kf2 g3+ 37. Kf3 Bf5 38. c5 bxc5 39. bxc5 Bxd3 40. Bxd3 Ne5+ 41. Ke2 Nxd3 42. Kxd3 f3 43. d6 cxd6 44. c6 fxg2 45. c7 g1=Q 46. c8=Q Qd1+ 47. Ke4 Qe2+ 48. Kd5 Qe5+ 49. Kc4 Qc5+ 0-1


[Site "https://www.chess.com"]